 Dungeon Crawl Stone Soup version 0.27-a0-1291-geefcff550b (webtiles) character file.

Game seed: 8200183655098739742

4 dickylongcocking the Magician (level 1, 0/15 HPs)
             Began as a Djinni Hedge Wizard on June 16, 2021.
             Slain by a ball python (1 damage)
             ... on level 1 of the Dungeon.
             The game lasted 00:00:12 (37 turns).

dickylongcocking the Magician (Djinni Hedge Wizard)   Turns: 37, Time: 00:00:12

Health: 0/15       AC:  2    Str:  9    XL:     1   Next: 66%
Gold:   8          EV:  9    Int: 15    God:
                   SH:  0    Dex: 12

rFire    + + .     SeeInvis .   a - +0 dagger
rCold    x . .     Faith    .   (no shield)
rNeg     . . .     Spirit   .   b - +0 robe
rPois    ∞         Reflect  .   c - +0 hat
rElec    .         Harm     .   (no cloak)
rCorr    .         Rampage  .   (no gloves)
Will     .....                  (boots unavailable)
Stlth    ++........             (no amulet)
HPRegen  0.05/turn              (no ring)
MPRegen  0.00/turn              (no ring)

@: flying, constricted
A: sickness immunity, fire resistance 2, cold vulnerability 1, float, innate
caster, hp casting, extra vitality 1
a: no special abilities


You were on level 1 of the Dungeon.
You visited 1 branch of the dungeon, and saw 1 of its levels.

You collected 8 gold pieces.

Inventory:

Hand Weapons
 a - a +0 dagger (weapon)
Armour
 b - a +0 robe (worn)
 c - a +0 hat (worn)


   Skills:
 + Level 2.1 Dodging
 + Level 1.5 Stealth
 + Level 2.6 Spellcasting


You couldn't memorise any spells.
You knew the following spells:

 Your Spells              Type           Power      Damage    Failure   Level
a - Magic Dart            Conj           36%        1d4       7%          1
b - Blink                 Tloc           N/A        N/A       11%         2
c - Call Imp              Summ           9%         N/A       11%         2
d - Slow                  Hex            9%         N/A       11%         2
e - Conjure Flame         Conj/Fire      9%         6-21      22%         3
f - Mephitic Cloud        Conj/Pois/Air  9%         N/A       22%         3
Your spell library was empty.

Dungeon Overview and Level Annotations

Branches:
Dungeon (1/15)

Altars:


Innate Abilities, Weirdness & Mutations

You are immune to sickness and miasma.
You are immune to poison.
Your flesh is very heat resistant. (rF++)
You are vulnerable to cold. (rC-)
You float through the air rather than walking.
You learn spells naturally, not from books.
Your magical power is your life essence.
You have superior vitality. (+4 HP)


Message History

Aiming: Magic Dart (safe; 8% risk of failure)
Press: ? - help, Shift-Dir - straight line, f/p - jackal
Aim: a jackal (almost dead, 100% to hit)
The magic dart hits the jackal.
You kill the jackal!
* * * LOW HITPOINT WARNING * * *
The jackal barely misses you. x2
Unknown command.
Casting: Magic Dart (safe; 8% risk of failure)
Confirm with . or Enter, or press ? or * to list all spells.
Aiming: Magic Dart (safe; 8% risk of failure)
Press: ? - help, Shift-Dir - straight line, f - jackal
Aim: a jackal (100% to hit)
The magic dart hits the jackal.
The jackal is moderately wounded.
* * * LOW HITPOINT WARNING * * *
The jackal bites you but does no damage.
Casting: Magic Dart (safe; 8% risk of failure)
Confirm with . or Enter, or press ? or * to list all spells.
Aiming: Magic Dart (safe; 8% risk of failure)
Press: ? - help, Shift-Dir - straight line, f/p - jackal
Aim: a jackal (moderately wounded, 100% to hit)
The magic dart hits the jackal.
You kill the jackal!
* * * LOW HITPOINT WARNING * * *
Unknown command.
Unknown command.
Casting: Magic Dart (safe; 7% risk of failure)
Confirm with . or Enter, or press ? or * to list all spells.
You don't have enough health to cast this spell.
Unknown command.
Unknown command.
Your magical contamination has completely faded away.
The ball python barely misses you. The ball python grabs you.
The ball python constricts you.
You escape the ball python's grasp.
A ball python comes into view.
The ball python bites you but does no damage.
The ball python grabs you.
You die...

###....h#.§§§§####≈§≈.#
#.###.#.§§≈≈'..#≈≈≈.##
# #.#..§≈§'.<#≈§≈...
..#..§≈≈####≈≈§###
#.#..≈≈8≈≈≈≈8§§#
#.###≈8≈≈≈≈≈≈8≈#
#.##:≈≈≈≈≈≈≈≈≈≈#
#...S.#....#.....
####@#.....###.##
#..#.#.##.. .# #......#
# #..≈..## #.⌠S..#
#..≈.## ##...# ###..


You could see 2 ball pythons.

Vanquished Creatures
  3 jackals (D:1)
3 creatures vanquished.

Notes
Turn   | Place    | Note
-------+----------+-------------------------------------------
     0 | D:1      | dickylongcocking the Djinni Hedge Wizard began the quest
                  | for the Orb.
     0 | D:1      | Reached XP level 1. HP: 15/15 MP: 0/0
    37 | D:1      | Slain by a ball python

Illustrated notes

Levels and vault maps discovered:
D:1:      lightli_arrival_boilingwater, layout_basic, hangedman_feature_mirror

Action                   || total
-------------------------++-------
Melee: Dagger            ||     3
 Cast: Magic Dart        ||     7
Armor: Robe              ||     9
Dodge: Dodged            ||    13

Table legend: (Time is in decaauts)
 A = Elapsed time spent in this place.
 B = Non-inter-level travel time spent in this place.
 C = Inter-level travel time spent in this place.
 D = Time resting spent in this place.
 E = Time spent auto-exploring this place.
 F = Levels seen in this place.
 G = Mean time per level.
                   A        B        C        D        E       F      G
               +--------+--------+--------+--------+--------+-----+--------+
         Total |     37 |     37 |      0 |      0 |     12 |   1 |   37.0 |
       Dungeon |     37 |     37 |      0 |      0 |     12 |   1 |   37.0 |
               +--------+--------+--------+--------+--------+-----+--------+

Top non-repeatable levels by time:
     D:1: 37 daAuts
